Get step-by-step instructions on how to execute this build order below. Start the game timer, and the build order will tick by so you can play in parallel with StarCraft on a second screen or mobile device.

Game Time

  0:00

Last Step

  N/A

Next Step

Upcoming Step



Don't want to look back and forth between 2 screens? Try out our Overwolf App, the Spawning Tool Build Advisor to get an in-game overlay with this build!

Complete Build Order

  12  0:02  Probe (Chrono Boost)  
  13  0:12  Probe (Chrono Boost)  
  14  0:18  Pylon  
  14  0:23  Probe (Chrono Boost)  
  15  0:36  Probe (Chrono Boost)  
  15  0:37  Gateway  
  16  0:47  Probe (Chrono Boost)  
  17  0:50  Assimilator  
  17  0:57  Probe (Chrono Boost)  
  17  1:02  Assimilator  
  18  1:06  Pylon  
  18  1:08  Probe (Chrono Boost)  
  19  1:18  Probe (Chrono Boost)  
  20  1:31  Probe (Chrono Boost)  
  21  1:38  Cybernetics Core  
  21  1:41  Probe (Chrono Boost)  
  22  1:52  Probe (Chrono Boost)  
  23  2:03  Probe (Chrono Boost)  
  23  2:05  Nexus  
  24  2:14  Probe (Chrono Boost), Adept  
  27  2:16  Warp Gate (Chrono Boost)  
  27  2:25  Mothership Core (Chrono Boost)  
  29  2:31  Pylon  
  29  2:43  Probe (Chrono Boost)  
  30  2:55  Pylon  
  30  3:00  Gateway  
  30  3:03  Gateway  
  30  3:08  Probe (Chrono Boost)  
  31  3:15  Probe  
  31  3:19  Probe  
  33  3:26  Gateway  
  33  3:28  Gateway  
  33  3:34  Probe  
  33  3:35  Probe  
  33  3:45  Probe  
  33  3:47  Probe  
  35  3:58  Probe  
  35  4:00  Probe  
  35  4:09  Probe  
  35  4:12  Probe  
  37  4:24  Adept x3